 Dungeon Crawl Stone Soup version 0.20.0-10-g0535bb4 (webtiles) character file.

660 MTVSty1e the Poker (level 7, 0/61 HPs)
             Began as a White Draconian Gladiator on June 5, 2017.
             Slain by Grinder (6 damage)
             ... while paralysed by Grinder
             ... on level 4 of the Dungeon.
             The game lasted 00:05:36 (2920 turns).

MTVSty1e the Poker (White Draconian Gladiator)      Turns: 2920, Time: 00:05:37

Health: 0/61       AC:  7    Str: 18    XL:     7   Next: 30%
Magic:  7/7        EV:  2    Int:  8    God:
Gold:   121        SH:  0    Dex: 18    Spells: 6/6 levels left

rFire    . . .     SeeInvis .   a - +0 trident
rCold    + . .     Gourm    .   (no shield)
rNeg     . . .     Faith    .   (armour unavailable)
rPois    .         Spirit   .   b - +0 hat
rElec    .         Reflect  .   (no cloak)
rCorr    .         Harm     .   q - +0 pair of gloves (curse)
MR       .....                  (no boots)
Stlth    +++.......             (no amulet)
Regen    0.2/turn               (no ring)
MPRegen  0.1/turn               (no ring)

@: paralysed, agile
A: breathe frost, unfitting armour, cold resistance 1, cold-blooded, AC +6
a: Breathe Frost


You were on level 4 of the Dungeon.
You were not hungry.

You visited 1 branch of the dungeon, and saw 4 of its levels.

You collected 121 gold pieces.

Inventory:

Hand Weapons
 a - a +0 trident (weapon)
Missiles
 c - 3 throwing nets (quivered)
Armour
 b - a +0 hat (worn)
 p - a +0 pair of gloves
 q - a cursed +0 pair of gloves (worn)
Jewellery
 e - an uncursed amulet of faith {unknown}
Wands
 j - a wand of flame (17/48)
 r - a wand of flame (14/48)
Scrolls
 f - 2 scrolls of remove curse
 k - a scroll of fear {unknown}
 l - 4 scrolls of identify
 m - a scroll of recharging {unknown}
 o - a scroll of amnesia {unknown}
 t - a scroll of random uselessness {unknown}
Potions
 g - a potion of curing
 n - a potion of brilliance {unknown}
 s - a potion of heal wounds
Comestibles
 d - 2 bread rations
 h - a meat ration


   Skills:
 + Level 5.1 Fighting
 * Level 7.1 Polearms
 - Level 1.7 Throwing
 + Level 3.1 Dodging


You had 6 spell levels left.
You didn't know any spells.

Dungeon Overview and Level Annotations

Branches:
Dungeon (4/15)
 Temple: D:4-7

Altars:

Annotations:
D:4 Grinder


Innate Abilities, Weirdness & Mutations

You can breathe waves of freezing cold.
You can buffet flying creatures when you breathe cold.
Your icy white scales are hard. (AC +6)
You cannot fit into any form of body armour.
Your flesh is cold resistant. (rC+)
You are cold-blooded and may be slowed by cold attacks.


Message History

Grinder hits you but does no damage.
You closely miss Grinder.
You tail-slap Grinder, but do no damage.
Grinder is heavily wounded.
Grinder hits you.
You writhe in agony.
* * * LOW HITPOINT WARNING * * *
You barely miss Grinder.
Grinder is heavily wounded.
Grinder gestures at you.
You suddenly lose the ability to move!
Grinder hits you.
* * * LOW HITPOINT WARNING * * *
Grinder hits you.
* * * LOW HITPOINT WARNING * * *
You writhe in agony.
* * * LOW HITPOINT WARNING * * *
Grinder hits you!
* * * LOW HITPOINT WARNING * * *
You writhe in agony.
You die...

######.###
#.5@)....#
#.####.#.#
#.# #.#
.#######.##
..........#
..######†.#
#####..#
#......#


You could see Grinder.

Vanquished Creatures
  Sigmund (D:2)
  Edmund (D:4)
  The ghost of MTVSty1e the Slasher, an amateur DrGl (D:3)
  Ijyb (D:3)
  Jessica (D:3)
  Natasha (thrice) (D:2 D:3)
  3 gnolls (D:3)
  9 adders
  An ooze (D:2)
  2 worms
  A leopard gecko (D:1)
  7 orcs (D:3)
  9 bats
  A giant cockroach (D:2)
  2 goblins
  5 hobgoblins
  A jackal (D:1)
  3 kobolds
  A quokka (D:3)
  A ball python (D:3)
  4 frilled lizards
  8 rats
66 creatures vanquished.

Notes
Turn   | Place    | Note
-------+----------+-------------------------------------------
     0 | D:1      | MTVSty1e the Draconian Gladiator began the quest for the Orb.
     0 | D:1      | Reached XP level 1. HP: 17/17 MP: 1/1
   231 | D:1      | Reached XP level 2. HP: 25/25 MP: 2/2
   690 | D:2      | Reached XP level 3. HP: 30/30 MP: 3/3
   758 | D:2      | Reached skill level 4 in Polearms
   830 | D:2      | Noticed Sigmund
   873 | D:2      | Killed Sigmund
   873 | D:2      | Reached skill level 5 in Polearms
   873 | D:2      | Reached XP level 4. HP: 40/40 MP: 4/4
   873 | D:2      | Reached XP level 5. HP: 46/46 MP: 5/5
  1225 | D:2      | Noticed Natasha
  1231 | D:2      | Killed Natasha
  1322 | D:2      | Found a faded altar of an unknown god.
  1462 | D:3      | Noticed MTVSty1e's ghost (amateur DrGl)
  1492 | D:3      | HP: 2/46 [MTVSty1e's ghost (2)]
  1493 | D:3      | Killed MTVSty1e's ghost
  1493 | D:3      | Reached skill level 6 in Polearms
  1493 | D:3      | Reached XP level 6. HP: 3/53 MP: 6/6
  1896 | D:3      | Noticed Natasha
  1911 | D:3      | Killed Natasha
  1945 | D:3      | Noticed Natasha
  1951 | D:3      | Killed Natasha
  2073 | D:3      | Noticed Ijyb
  2093 | D:3      | Killed Ijyb
  2404 | D:3      | Noticed Jessica
  2416 | D:3      | Killed Jessica
  2592 | D:3      | Your scales start taking on an icy white colour.
  2592 | D:3      | Reached XP level 7. HP: 57/60 MP: 7/7
  2592 | D:3      | Gained mutation: Your flesh is cold resistant. (rC+) [White Draconian growth]
  2880 | D:4      | Noticed Grinder
  2881 | D:4      | Noticed Edmund
  2914 | D:4      | Killed Edmund
  2914 | D:4      | Reached skill level 5 in Fighting
  2914 | D:4      | Reached skill level 7 in Polearms
  2917 | D:4      | Paralysed by Grinder for 4 turns
  2920 | D:4      | Slain by Grinder

Skill      XL: |  1  2  3  4  5  6  7 |
---------------+----------------------+-----
Polearms       | 5 6 7 |  7.1
Fighting       | 4 5 |  5.1
Dodging        | 3 |  3.1
Throwing       | |  1.7

Action                   |  1- 3 |  4- 6 |  7- 9 || total
-------------------------+-------+-------+-------++-------
Melee: Trident           |   102 |   157 |    54 ||   313
       Tailslap          |     2 |    21 |     6 ||    29
Throw: Throwing net      |       |     1 |       ||     1
  Use: Scroll            |     3 |       |       ||     3
       Potion            |     3 |     3 |     1 ||     7
 Stab: Sleeping          |     2 |     1 |       ||     3
  Eat: Meat ration       |       |     1 |       ||     1
       Royal jelly       |       |       |     1 ||     1
Armor: Skin              |    33 |    31 |     7 ||    71
Dodge: Dodged            |    51 |    81 |    33 ||   165
